 Dungeon Crawl Stone Soup version 0.30.1-3-gfc49f6343a (webtiles) character file.

Game seed: 17553502790222752017

1582190 LordWeiramon the Formicid Porcupine (level 27, 209/209 HPs)
             Began as a Formicid Air Elementalist on July 31, 2023.
             Was a High Priest of Okawaru.
             Escaped with the Orb
             ... and 3 runes!
             The game lasted 04:31:34 (77554 turns).

LordWeiramon the Formicid Porcupine (FoAE)         Turns: 77554, Time: 04:31:35

Health: 209/209    AC: 41    Str: 30    XL:     27
Magic:  31/31      EV: 22    Int: 15    God:    Okawaru [*****.]
Gold:   3972       SH: 31    Dex: 14    Spells: 30/37 levels left

rFire   + + +        a - +10 bardiche of Dissatisfaction {holy, Contam Dex+2 SInv}
rCold   + . .        w - +5 tower shield {rPois}
rNeg    + . .        u - +10 plate armour {rN+}
rPois   +            (helmet unavailable)
rElec   +            Z - +2 cloak {rCorr}
rCorr   +            C - +0 pair of gloves "Hiudwupe" {Drain rElec rF+ Str+5}
SInv    +            y - +4 pair of boots "Poyrifucw" {Fly rPois Int-3 Stlth+}
Will    +++..        n - amulet of reflection Stlth
                     p - +5 ring of evasion
HPRegen 0.54/turn    X - ring "Temome Nyil" {Drain rPois rF+++ rC+ Int+3}
MPRegen 0.22/turn

%: reflection, clarity
@: magic-sapped, flying
A: permanent stasis, dig shafts and tunnels, antennae 3, four strong arms,
clarity, clumsy 1, frail 1, strong-willed 1, electricity resistance, weak 1
0: Orb of Zot
}: 3/15 runes: serpentine, barnacled, abyssal
a: Dig, Shaft Self, Renounce Religion, Heroism, Finesse, Duel


You escaped.
You worshipped Okawaru.
Okawaru was extremely pleased with you.
You visited 11 branches of the dungeon, and saw 50 of its levels.
You visited the Abyss 1 time.
You also visited: Bailey, Ice Cave and Wizlab.

You collected 7658 gold pieces.
You spent 3686 gold pieces at shops.

Inventory:

Hand Weapons
 a - the +10 bardiche of Dissatisfaction (weapon) {holy, Contam Dex+2 SInv}
   (Okawaru gifted it to you on level 4 of the Snake Pit)

   Dex:       It affects your dexterity (+2).
   SInv:      It lets you see invisible.
   Contam:    It causes magical contamination when unequipped.
 I - the +8 storm bow {elec, penet}
   (You found it in a wizard's laboratory)
 K - the +2 Maxwell's thermic engine {flame, freeze, rev}
   (You found it in a wizard's laboratory)
Missiles
 x - 8 throwing nets (quivered)
Armour
 u - a +10 plate armour of positive energy (worn)
 w - a +5 tower shield of poison resistance (worn)
 y - the +4 pair of boots "Poyrifucw" (worn) {Fly rPois Int-3 Stlth+}
   (You found it on level 5 of the Dungeon)

   Int:       It affects your intelligence (-3).
   rPois:     It protects you from poison.
   Fly:       It grants you flight.
   Stlth:     It makes you more stealthy.
 C - the +0 pair of gloves "Hiudwupe" (worn) {Drain rElec rF+ Str+5}
   (You acquired it on level 1 of the Elven Halls)

   Str:       It affects your strength (+5).
   rF:        It protects you from fire.
   rElec:     It insulates you from electricity.
   Drain:     It drains your maximum health when unequipped.
 E - the +3 pair of seven-league boots {Rampage+∞}
   (You found it on level 3 of the Elven Halls)

   Rampage+∞: When moving toward enemies, its wearer moves as far as possible,
   alerting their target en route.
 Q - the +4 skin of Zhor {*Englaciate rC+++ SInv}
   (Okawaru gifted it to you on level 5 of the Lair of Beasts)

   *Englaciate: It radiates cold, occasionally slowing all nearby creatures who
   are not resistant to cold.
   rC:        It renders you almost immune to cold.
   SInv:      It lets you see invisible.
 Z - a +2 cloak of preservation (worn)
Jewellery
 m - the dreamshard necklace {*Dream Drain}
   (You took it off a deep elf death mage on level 3 of the Elven Halls)

   [amulet of nothing]

   *Dream:    It shatters if its wearer takes lethal or near-lethal damage,
   preventing the blow and releasing protective dreams that heal and fight for
   the wearer.
   Drain:     It drains your maximum health when unequipped.
 n - an amulet of reflection (around neck)
 p - a +5 ring of evasion (left hand)
 t - a ring of resist corrosion
 N - a ring of willpower
 O - a ring of protection from fire
 R - a ring of positive energy
 S - a ring of protection from fire
 X - the ring "Temome Nyil" (right hand) {Drain rPois rF+++ rC+ Int+3}
   (You bought it in a shop on level 11 of the Dungeon)

   [ring of protection from cold]

   Int:       It affects your intelligence (+3).
   rF:        It renders you almost immune to fire.
   rC:        It protects you from cold.
   rPois:     It protects you from poison.
   Drain:     It drains your maximum health when unequipped.
Wands
 e - a wand of light (36)
 q - a wand of polymorph (34)
 D - a wand of digging (10)
 F - a wand of flame (89)
 H - a wand of mindburst (63)
 M - a wand of roots (20)
Scrolls
 b - 3 scrolls of silence
 c - 4 scrolls of brand weapon
 f - 6 scrolls of fear
 i - 13 scrolls of amnesia
 j - 15 scrolls of immolation
 l - 15 scrolls of fog
 r - 13 scrolls of vulnerability
 v - 13 scrolls of enchant weapon
 L - 10 scrolls of magic mapping
 P - 8 scrolls of poison
Potions
 d - 6 potions of might
 g - 19 potions of curing
 h - 6 potions of heal wounds
 k - 6 potions of magic
 s - 6 potions of ambrosia
 z - 6 potions of cancellation
 A - 9 potions of invisibility
 B - 8 potions of brilliance
 J - 9 potions of flight
 Y - 10 potions of resistance
Miscellaneous
 o - a lightning rod (4/4)
 W - a phial of floods


   Skills:
 - Level 22.5 Fighting
 O Level 27 Polearms
 - Level 21.0 Armour
 + Level 21.4 Dodging
 - Level 2.4 Stealth
 - Level 20.0 Shields
 - Level 5.7 Spellcasting
 - Level 4.0 Conjurations
 - Level 4.0 Air Magic
 - Level 10.0 Invocations
 - Level 4.7 Evocations


You had 30 spell levels left.
You knew the following spells:

 Your Spells              Type           Power      Damage    Failure   Level
a - Shock                 Conj/Air       64%        1d7       17%         1
b - Airstrike             Air            8%         2d(2-18)  86%         4
c - Static Discharge      Conj/Air       32%        2-4/arc   26%         2

Your spell library contained the following spells:

 Spells                   Type           Power      Damage    Failure   Level
 Foxfire                  Conj/Fire      40%        2x1d6     36%         1
 Kiss of Death            Conj/Necr      40%        2d8       36%         1
 Poisonous Vapours        Pois/Air       20%        N/A       52%         2
 Cigotuvi's Dreadful Rot  Necr/Pois/Air  16%        N/A       61%         2
 Apportation              Tloc           8%         N/A       65%         1
 Beastly Appendage        Tmut           8%         N/A       65%         1
 Freeze                   Ice            16%        1d4       65%         1
 Necrotise                Necr           16%        1d4       65%         1
 Slow                     Hex            16%        N/A       65%         1
 Sting                    Tmut/Pois      16%        1d3       65%         1
 Dazzling Flash           Conj/Hex       20%        N/A       75%         3
 Hailstorm                Conj/Ice       10%        3d5       75%         3
 Stone Arrow              Conj/Erth      20%        3d8       75%         3
 Ensorcelled Hibernation  Hex/Ice        8%         N/A       80%         2
 Passwall                 Tmut/Erth      3%         N/A       80%         2
 Scorch                   Fire           8%         2d5       80%         2
 Sublimation of Blood     Necr           4%         N/A       80%         2
 Wereblood                Tmut           4%         N/A       80%         2
 Confusing Touch          Hex            4%         N/A       95%         3
 Frozen Ramparts          Ice            8%         1d2       95%         3
 Inner Flame              Hex/Fire       4%         N/A       95%         3
 Portal Projectile        Hex/Tloc       8%         N/A       95%         3
 Spider Form              Tmut/Pois      4%         N/A       95%         3
 Teleport Other           Tloc           4%         N/A       95%         3
 Vampiric Draining        Necr           4%         2d6       95%         3
 Volatile Blastmotes      Fire/Tloc      8%         2d10      95%         3
 Flame Wave               Conj/Fire      10%        2d6       98%         4
 Fulminant Prism          Conj/Hex       5%         3d7       98%         4
 Iskenderun's Mystic Bla  Conj/Tloc      10%        2d4       98%         4
 Arcjolt                  Conj/Air       8%         1d18      99%         5
 Iskenderun's Battlesphe  Conj           16%        2d7       99%         5
 Anguish                  Hex/Necr       2%         N/A       100%        4
 Dispel Undead            Necr           4%         3d7       100%        4
 Ice Form                 Ice/Tmut       4%         N/A       100%        4
 Leda's Liquefaction      Hex/Erth       2%         N/A       100%        4
 Manifold Assault         Tloc           4%         N/A       100%        4
 Olgreb's Toxic Radiance  Pois           4%         N/A       100%        4
 Passage of Golubria      Tloc           4%         N/A       100%        4
 Agony                    Necr           4%         N/A       100%        5
 Alistair's Intoxication  Tmut/Pois      2%         N/A       100%        5
 Blade Hands              Tmut           2%         N/A       100%        5
 Fireball                 Conj/Fire      5%         3d5       100%        5
 Freezing Cloud           Conj/Ice/Air   6%         6-21      100%        5
 Lee's Rapid Deconstruct  Erth           2%         3d4*      100%        5
 Silence                  Hex/Air        5%         N/A       100%        5
 Yara's Violent Unravell  Hex/Tmut       2%         3d3       100%        5
 Conjure Ball Lightning   Conj/Air       8%         3x3d6     100%        6
 Dispersal                Tloc           2%         N/A       100%        6
 Iron Shot                Conj/Erth      5%         9d2       100%        6
 Plasma Beam              Fire/Air       5%         2x1d17    100%        6
 Starburst                Conj/Fire      5%         6d4       100%        6
 Statue Form              Tmut/Erth      2%         N/A       100%        6
 Enfeeble                 Hex            2%         N/A       100%        7
 Orb of Destruction       Conj           8%         9d6       100%        7
 Ozocubu's Refrigeration  Ice            2%         4d7       100%        7
 Storm Form               Tmut/Air       5%         N/A       100%        7
 Borgnjor's Revivificati  Necr           2%         N/A       100%        8
 Disjunction              Tloc           2%         N/A       100%        8
 Lehudib's Crystal Spear  Conj/Erth      5%         10d3      100%        8
 Maxwell's Capacitive Co  Air            8%         ∞         100%        8
 Chain Lightning          Conj/Air       8%         3d10      100%        9
 Fire Storm               Conj/Fire      5%         8d1       100%        9
 Shatter                  Erth           2%         3d6*      100%        9
 Swiftness                Air            Unusable   N/A       N/A         3
 Vhi's Electric Charge    Tloc/Air       Unusable   N/A       N/A         3
 Blink                    Tloc           Unusable   N/A       N/A         2
 Tukima's Dance           Hex            Unusable   N/A       N/A         3
 Summon Lightning Spire   Summ/Air       Unusable   N/A       N/A         4
 Animate Armour           Summ/Erth      Unusable   N/A       N/A         4
 Summon Ice Beast         Ice/Summ       Unusable   N/A       N/A         4
 Summon Mana Viper        Hex/Summ       Unusable   N/A       N/A         5
 Death Channel            Necr           Unusable   N/A       N/A         6
 Summon Cactus Giant      Summ           Unusable   N/A       N/A         6
 Monstrous Menagerie      Summ           Unusable   N/A       N/A         7
 Summon Hydra             Summ           Unusable   N/A       N/A         7

Dungeon Overview and Level Annotations

Branches:
Dungeon (15/15)            Temple (1/1) D:6            Lair (5/5) D:9
 Shoals (4/4) Lair:3        Snake (4/4) Lair:2        Slime (0/5) Lair:5
    Orc (2/2) D:11            Elf (3/3) Orc:2        Vaults (4/5) D:13
  Crypt (3/3) Vaults:3       Tomb (0/3) Crypt:3      Depths (4/4) D:15
    Zot (5/5) Depths:4     Bailey (visited)           IceCv (visited)
 WizLab (visited)

Altars:
Ashenzari
Cheibriados
Dithmenos
Elyvilon
Fedhas
Gozag
Hepliaklqana
Kikubaaqudgha
Makhleb
Nemelex Xobeh
Okawaru
Qazlal
Ru
Sif Muna
Trog
Uskayaw
Vehumet
Wu Jian
Xom
Yredelemnul
Zin
The Shining One
Jiyva
Lugonu

Shops:
D:1 :   D:2 [   D:4 ?   D:11 =   Orc:2 ([*!   Elf:2 ?   Snake:4 *?*=
Vaults:2 *   Vaults:4 (?!(   Depths:2 [

Portals:
Hell: Depths:1 Depths:2 Depths:3 Depths:4
Abyss: Depths:2 Depths:3
Pandemonium: Depths:1 Depths:2 Depths:3
Ziggurat: Depths:2
Trove: Vaults:1 (give +4 ice dragon scales)


Innate Abilities, Weirdness & Mutations

You cannot be hasted, slowed, berserked, paralysed or teleported.
You can dig through walls and to a lower floor.
You have a pair of large antennae on your head. (SInv)
Your four strong arms can wield two-handed weapons with a shield.
You possess an exceptional clarity of mind.
You are clumsy. (Dex -2)
You are frail. (-10% HP)
You are strong-willed. (Will+)
You are resistant to electric shocks. (rElec)
You are weak. (Str -2)


Message History

An Executioner comes into view.
The Executioner moves out of view.
There is a stone staircase leading up here.
The Executioner gestures.
The Executioner seems to speed up.
You fly upwards.
There is a stone staircase leading down here.
(D) Dungeon (T) Temple (L) Lair (A) Shoals (P) Snake Pit (M) Slime Pits (O) Orcish Mines (E) Elven Halls (V) Vaults (C) Crypt (W) Tomb (U) Depths (H) Hell (Z) Zot
Where to? (Enter - D:1, ? - help)
There is an escape hatch in the ceiling here.
A mysterious force pulls you upwards. The hatch slams shut behind you.
There is an open door here.
There is a stone staircase leading up here.
You fly upwards.
There is a stone staircase leading down here.
There is an open door here.
There is an open door here.
There is a stone staircase leading up here.
You fly upwards.
There is a stone staircase leading down here.
Aiming: Dig
Press: ? - help, Shift-Dir - straight line A rock wall.
This square is covered in magical glow.
The rock shatters into small pieces.
Aiming: Dig
Press: ? - help, Shift-Dir - straight line A rock wall.
This square is covered in magical glow.
The rock shatters into small pieces.
A demonspawn warmonger comes into view.
It is wielding a +5 demon whip of draining and wearing a +0 kite shield of fire resistance.
The demonspawn warmonger shouts!
The demonspawn warmonger mumbles some strange prayers to its god against you.
Your magic feels tainted.
There is an open door here.
There is a staircase leading out of the dungeon here.
You have escaped!

##.# #.#.....# #....#.# ##.#
#.#..#..# #..#.#.#
##.####.#.....#####..#...#
..........>..........#.#.#
##.####..##..#######.....# #.#
#..##..#######.#.#.#
#.####..##..##...##.#.#.#
##....##.##..##...##.#.#.######
.........##..##.@.##...#......#
#####.##.##..##...###########.#
#....##..##...##.# #...#
#####..##..###'###.# #.###
#{..........##.###.# #.#
#.####.6.⌠..{......# #.# #.#
#.............######.# #.#
#.#.###.#####........# #.#
#..####'##############


There were no monsters in sight!

Vanquished Creatures
  2 ancient liches
  A dread lich (Zot:5)
  12 orbs of fire
  Mennas (Crypt:3)
  A juggernaut (Depths:4)
  The ghost of suzumiya the Crack Shot, a legendary HuHu of Fedhas (Zot:1)
  A royal mummy (Crypt:3)
  5 Killer Klowns
  Margery (Crypt:3)
  4 curse toes
  Xtahua (Vaults:3)
  3 caustic shrikes (Depths:3)
  2 golden dragons
  5 bone dragons
  A Brimstone Fiend (D:9)
  3 electric golems
  15 tentacled monstrosities
  Jorgrun (D:12)
  A hellephant (Abyss:3)
  A Hell Sentinel (Abyss:4)
  9 liches
  Rupert (Lair:5)
  25 Orb Guardians (Zot:5)
  3 deep elf blademasters
  2 Ice Fiends
  A walking earthen tome (Depths:2)
  2 deep elf master archers (Elf:3)
  Frances (D:14)
  5 quicksilver dragons
  10 tentacled starspawn
  The ghost of cheesebisquit the Wrestler, an adept TrFi of Wu Jian (Shoals:2)
  Polyphemus (Shoals:4)
  3 ancient champions
  5 death cobs
  2 sphinxes
  The ghost of Gadrel the Ogre Mage, a journeyman OgCA of Ignis (D:13)
  A tengu reaver (Depths:1)
  The ghost of bronco the Worldbinder, an adept DsSu of Sif Muna (Snake:4)
  6 shadow dragons
  A draconian monk (Depths:4)
  2 revenants (Crypt:1)
  A draconian knight (Abyss:3)
  Donald (Shoals:2)
  A rockslime (Zot:5)
  17 storm dragons
  13 fire giants
  An iron dragon (Zot:1)
  8 frost giants
  4 deep elf sorcerers
  A caustic shrike zombie (Crypt:3)
  Ilsuiw (Shoals:2)
  4 nagarajas
  3 balrugs
  7 vault wardens
  3 ghost moths
  A draconian scorcher (Abyss:4)
  3 orc warlords
  6 deep elf elementalists
  7 ghouls
  22 ironbound preservers
  A spriggan defender (Depths:3)
  An angel (Abyss:4)
  3 draconian annihilators
  7 draconian stormcallers
  2 reapers
  2 cacodemons
  An ophan (Abyss:2)
  A juggernaut skeleton (Abyss:3)
  A starflower (Abyss:3)
  3 war gargoyles
  11 ironbound thunderhulks
  The ghost of SirLogeyBear the Severer, a journeyman HOBe of Trog (D:13)
  20 very ugly things
  5 green draconians
  12 stone giants
  7 vampire knights
  11 deep elf demonologists
  10 black draconians
  4 lorocyprocas
  3 purple draconians
  A white draconian (Zot:2)
  10 deep elf annihilators
  A bunyip (Abyss:4)
  9 dire elephants (Vaults:1)
  4 red draconians
  10 spark wasps
  6 yellow draconians
  2 green deaths
  A merfolk javelineer (Shoals:2)
  12 ettins
  8 fire dragons
  2 crystal guardians (WizLab)
  11 deep elf death magi
  2 quicksilver dragon zombies (Crypt:2)
  7 eidola
  2 deep elf high priests (Elf:3)
  4 merfolk impalers
  Josephine (D:11)
  11 great orbs of eyes
  6 mummy priests (Crypt:3)
  3 jiangshi (Crypt:1)
  A hell beast (Depths:1)
  2 rakshasas
  Fannar (D:11)
  10 yaktaur captains
  3 spriggan air magi
  2 spriggan zombies
  A juggernaut simulacrum (Depths:2)
  5 peacekeepers (WizLab)
  4 hydras
  2 fenstrider witch zombies (Crypt:1)
  Erolcha (Orc:1)
  4 boulder beetles
  7 ice dragons
  The ghost of superradish the Cutter, a journeyman DsBr (D:11)
  9 salamander tyrants
  5 two-headed ogres
  7 centaur warriors
  16 anacondas
  5 merfolk avatars
  A fenstrider witch skeleton (Crypt:2)
  4 satyrs
  Erica (D:10)
  2 alligator snapping turtles (Shoals:4)
  3 ironbound frosthearts
  3 death knights
  A catoblepas (Shoals:4)
  33 dancing weapons
  6 merfolk aquamancers
  16 death yaks
  3 deep troll shamans (Depths:2)
  7 tengu warriors
  The ghost of Wiggles the Severer, a novice MiBe of Trog (D:10)
  13 naga warriors
  6 deep troll earth magi
  4 vampire magi
  19 hell knights
  4 shock serpents
  6 thrashing horrors
  4 orc high priests (Orc:2)
  3 spriggan berserkers
  2 storm dragon zombies
  Urug (D:12)
  14 naga sharpshooters
  2 sun demons
  18 deep elf knights
  4 soul eaters
  Nergalle (Lair:1)
  7 salamander mystics
  A shadow wraith (Vaults:2)
  4 iron trolls (Depths:2)
  2 fire crabs
  17 skeletal warriors
  4 wretched stars
  A golden dragon zombie (Depths:3)
  5 sixfirhies
  7 skysharks
  66 deep trolls
  2 flayed ghosts
  9 sea snakes
  5 bog bodies (Crypt:3)
  A deep troll (shapeshifter) (Depths:3)
  8 glowing orange brains
  A shadow demon (Depths:4)
  7 naga ritualists
  A swamp dragon (shapeshifter) (D:14)
  10 wizards
  31 deep elf pyromancers
  2 shadow dragon zombies
  14 ironbound convokers
  13 deep elf archers
  32 deep elf zephyrmancers
  11 phantasmal warriors
  18 mana vipers
  13 harpies
  8 lindwurms
  5 starcursed masses
  17 necromancers
  7 orc knights
  A draconian zombie (Crypt:2)
  An oklob plant (Lair:2)
  A stone giant zombie (Vaults:4)
  A shining eye (Abyss:3)
  30 ugly things
  3 orc sorcerers
  A manticore (shapeshifter) (Depths:4)
  15 fauns
  A tengu skeleton (Depths:3)
  20 manticores
  3 draconians (Abyss:4)
  4 cyclopes
  4 worldbinders
  25 salamanders
  9 merfolk sirens
  25 moths of wrath
  2 apocalypse crabs
  5 elephants (Lair:5)
  A naga zombie (Crypt:2)
  An ice statue (IceCv)
  16 vault sentinels
  22 naga magi
  41 black mambas
  An iron dragon skeleton (Depths:3)
  12 water nymphs
  9 guardian serpents
  3 rust devils
  A stone giant skeleton (Abyss:2)
  Joseph (D:7)
  2 eleionoma skeletons
  3 molten gargoyles (WizLab)
  5 smoke demons
  8 orange demons
  6 cane toads
  A demonic crawler (Abyss:4)
  A titan simulacrum (Depths:2)
  4 centaur skeletons (D:15)
  10 gargoyles
  A torpor snail (Lair:5)
  A kobold demonologist (D:10)
  30 yaktaurs
  2 dire elephant skeletons (Crypt:2)
  3 freezing wraiths
  2 efreet
  2 elf skeletons (Vaults:4)
  10 rime drakes
  7 komodo dragons
  A white draconian skeleton (Crypt:2)
  4 tengu conjurers
  3 tormentors
  An anaconda simulacrum (Crypt:2)
  5 ancient zymes
  4 red devils (D:14)
  33 guardian mummies
  10 polar bears
  A harpy zombie (Crypt:1)
  6 trolls
  7 wind drakes
  A death drake zombie (Crypt:1)
  6 raiju
  23 merfolk
  The ghost of Waters the Grasshopper, an amateur DsWr of Kikubaaqudgha (D:5)
  4 hornets
  A tarantella (Lair:2)
  11 snapping turtles
  10 blink frogs
  A death drake skeleton (Crypt:2)
  3 dream sheep (Lair:4)
  2 air elementals
  40 slime creatures
  2 spriggans (shapeshifter)
  A black mamba zombie (Crypt:2)
  3 flying skulls (Crypt:1)
  A jumping spider (shapeshifter) (Elf:2)
  A centaur simulacrum (D:15)
  8 ushabtiu (Crypt:3)
  3 ynoxinuls
  2 shadows
  7 wyverns
  3 vampires (Vaults:3)
  59 yaks
  12 wraiths
  2 fire bats (Lair:1)
  17 water elementals
  A hog (shapeshifter) (D:15)
  2 basilisks
  Grum (D:9)
  17 large abominations
  5 fire elementals
  7 vampire mosquitoes (D:11)
  4 steam dragons (Lair:5)
  3 redbacks (Lair:2)
  6 chaos spawn
  4 neqoxecs
  49 nagas
  5 small abominations
  A faun zombie (Crypt:1)
  2 wargs
  An acid dragon (D:9)
  A floating eye (shapeshifter) (Depths:4)
  14 water moccasins
  A fire bat skeleton (Crypt:3)
  Duvessa (D:7)
  An ice beast (D:6)
  An ice beast (shapeshifter) (Depths:3)
  25 orc warriors
  A sky beast (D:8)
  An elephant zombie (Crypt:3)
  5 ogres
  A black bear (D:6)
  A snapping turtle zombie (Crypt:3)
  A swamp dragon zombie (Crypt:2)
  A lindwurm skeleton (Crypt:1)
  26 wolves
  7 centaurs
  5 kobold brigands
  A phantom (D:7)
  3 necrophages
  A gnoll sergeant (D:8)
  3 bullfrogs
  7 earth elementals
  5 scorpions
  Dowan (D:7)
  5 wights
  A polar bear zombie (Crypt:2)
  A cyclops skeleton (Crypt:3)
  7 killer bees
  5 electric eels
  A howler monkey (D:9)
  A spriggan skeleton (Crypt:1)
  2 vampire bats (D:13)
  A raiju skeleton (Crypt:1)
  A lava snake (Lair:2)
  A human simulacrum (Vaults:4)
  A human zombie (Crypt:2)
  31 orc priests
  2 gnoll boudas
  3 hounds
  2 iron imps
  6 jellies
  Crazy Yiuf (D:7)
  2 iguanas
  2 lightning spires (WizLab)
  26 orc wizards
  A deep dwarf skeleton (Crypt:3)
  7 mummies (Crypt:3)
  19 gnolls
  10 adders
  A shadow imp (D:5)
  13 white imps
  2 ufetubi
  A worm (D:2)
  5 dart slugs
  91 orcs
  12 ball pythons
  11 bats
  A bat skeleton (Crypt:3)
  12 endoplasms
  2 giant cockroaches
  17 goblins
  12 hobgoblins
  4 jackals (D:1)
  4 quokkas
  8 frilled lizards
  A goblin skeleton (Crypt:3)
  32 kobolds
  A kobold skeleton (Crypt:2)
  9 rats
  A lurking horror (Abyss:4)
  4 starspawn tentacles (Abyss:4)
2326 creatures vanquished.

Vanquished Creatures (others)
  A merfolk aquamancer (Shoals:4)
  A faun (Shoals:3)
  A shadow (D:10)
  A basilisk (D:15)
  A small abomination (Abyss:3)
  An orc (D:7)
  20 starspawn tentacles
26 creatures vanquished.

Grand Total: 2352 creatures vanquished

Notes
Turn   | Place    | Note
-------+----------+-------------------------------------------
     0 | D:1      | LordWeiramon the Formicid Air Elementalist began the quest
                  | for the Orb.
     0 | D:1      | Reached XP level 1. HP: 13/13 MP: 3/3
    78 | D:1      | Reached skill level 1 in Conjurations
    94 | D:1      | You fall into a shaft and drop 1 floor!
    95 | D:2      | Found a burning altar of Makhleb.
   301 | D:2      | Found Teocetya's Antique Armour Boutique.
   480 | D:1      | Reached XP level 2. HP: 19/19 MP: 1/5
   724 | D:1      | Found Ytyt's Book Emporium.
   895 | D:1      | Reached XP level 3. HP: 24/24 MP: 6/6
  1452 | D:2      | Reached skill level 1 in Fighting
  1452 | D:2      | Reached XP level 4. HP: 29/32 MP: 7/7
  2051 | D:2      | Learned a level 4 spell: Airstrike
  2098 | D:2      | Reached XP level 5. HP: 37/37 MP: 8/8
  2265 | D:2      | Learned a level 2 spell: Static Discharge
  3925 | D:2      | Bought a pair of runed boots for 187 gold pieces
  4083 | D:3      | Reached XP level 6. HP: 43/43 MP: 9/9
  4161 | D:3      | Found a faded altar of an unknown god.
  4309 | D:4      | Found Kuutepte's Magic Scroll Shoppe.
  4313 | D:4      | Bought a scroll of noise for 11 gold pieces
  4343 | D:4      | Noticed an ogre
  4706 | D:4      | Found a sparkling altar of Nemelex Xobeh.
  4790 | D:5      | Entered Level 5 of the Dungeon
  4932 | D:4      | Bought 3 scrolls of identify for 66 gold pieces
  5027 | D:5      | Reached skill level 1 in Evocations
  5221 | D:4      | Bought a scroll of identify for 22 gold pieces
  5466 | D:5      | Found a runed translucent gate.
  5466 | D:5      | Found a runed translucent gate.
  5466 | D:5      | Found a runed translucent gate.
  5466 | D:5      | Noticed Waters's ghost (amateur DsWr)
  5466 | D:5      | Noticed an orc warrior
  5678 | D:4      | Reached XP level 7. HP: 30/48 MP: 7/11
  5943 | D:4      | Bought a scroll of identify for 22 gold pieces
  6067 | D:4      | Found a bloodstained altar of Trog.
  6269 | D:4      | Bought a scroll of identify for 22 gold pieces
  6320 | D:5      | Noticed a water moccasin
  6326 | D:5      | Killed a water moccasin
  6379 | D:5      | Found a blossoming altar of Fedhas.
  6379 | D:5      | Found a hazy altar of Hepliaklqana.
  6383 | D:5      | Identified the +4 pair of boots "Poyrifucw" {Fly rPois
                  | Int-3 Stlth+}
  6388 | D:5      | Found a hide-covered altar of Uskayaw.
  6390 | D:5      | Found an opulent altar of Gozag.
  6852 | D:6      | Reached XP level 8. HP: 54/54 MP: 14/14
  6952 | D:6      | Reached skill level 5 in Spellcasting
  7001 | D:6      | Reached skill level 1 in Polearms
  7088 | D:6      | Found a staircase to the Ecumenical Temple.
  7094 | D:6      | Reached skill level 2 in Polearms
  7100 | D:6      | Reached skill level 3 in Polearms
  7105 | D:6      | Reached skill level 4 in Polearms
  7208 | Temple   | Entered the Ecumenical Temple
  7339 | Temple   | Became a worshipper of Warmaster Okawaru
  7367 | D:6      | Reached XP level 9. HP: 42/59 MP: 15/17
  7479 | D:6      | Found a shimmering blue altar of Sif Muna.
  7484 | D:6      | Found a shimmering altar of Xom.
  7564 | D:6      | Reached skill level 5 in Polearms
  7945 | D:7      | Reached skill level 6 in Polearms
  8024 | D:7      | Reached * piety under Okawaru
  8072 | D:7      | Reached skill level 7 in Polearms
  8077 | D:7      | Found a flagged portal.
  8084 | D:7      | Identified the +1 cloak of Failure {Slay+2}
  8086 | D:7      | Noticed Dowan
  8092 | D:7      | Noticed Duvessa
  8096 | D:7      | Killed Dowan
  8099 | D:7      | Killed Duvessa
  8116 | Bailey   | Entered a bailey
  8580 | Bailey   | Reached skill level 8 in Polearms
  8781 | D:7      | Found a runed translucent door.
  8782 | D:7      | Noticed Crazy Yiuf
  8825 | D:7      | Noticed Joseph
  8843 | D:7      | Killed Joseph
  8844 | D:7      | Reached XP level 10. HP: 68/68 MP: 18/18
  8936 | D:7      | Reached skill level 9 in Polearms
  9060 | D:7      | Reached ** piety under Okawaru
  9210 | D:7      | Got the Encyclopedia of Weird Snow
  9560 | D:2      | Bought a runed leather armour for 125 gold pieces
  9704 | D:5      | Killed Waters's ghost
  9780 | D:8      | Reached skill level 10 in Polearms
 10470 | D:9      | Reached skill level 5 in Fighting
 10489 | D:9      | Found a staircase to the Lair.
 10493 | D:9      | Reached *** piety under Okawaru
 10502 | D:9      | Noticed Grum
 10523 | D:8      | Reached skill level 1 in Invocations
 10632 | D:9      | Noticed a necromancer
 10643 | D:9      | Killed a necromancer
 10815 | D:9      | Found a radiant altar of Vehumet.
 10862 | D:9      | Killed Grum
 10867 | D:9      | Reached skill level 5 in Invocations
 11189 | D:9      | Found a snail-covered altar of Cheibriados.
 11416 | D:10     | Entered Level 10 of the Dungeon
 11427 | D:10     | Received a gift from Okawaru
 11428 | D:10     | Reached XP level 11. HP: 76/79 MP: 19/19
 11566 | D:10     | Reached **** piety under Okawaru
 11590 | D:10     | Noticed Erica
 11660 | D:10     | Reached skill level 5 in Armour
 11717 | D:10     | Found a runed translucent gate.
 11718 | D:10     | Found a runed translucent gate.
 11718 | D:10     | Noticed Wiggles's ghost (novice MiBe)
 11723 | D:10     | Noticed a stone giant
 11727 | D:10     | Found a runed translucent gate.
 11728 | D:10     | Noticed a manticore
 11729 | D:10     | Noticed a two-headed ogre
 11845 | D:10     | Killed Erica
 11964 | D:10     | Found the +6 shillelagh "Devastator" {shatter}
 12555 | D:11     | Reached skill level 5 in Dodging
 12607 | D:11     | Noticed a two-headed ogre
 12942 | D:11     | Reached ***** piety under Okawaru
 12998 | D:11     | Reached skill level 11 in Polearms
 13001 | D:11     | Found a staircase to the Orcish Mines.
 13056 | D:11     | Found a large runed translucent door.
 13057 | D:11     | Found a large runed translucent door.
 13167 | D:11     | Noticed superradish's ghost (journeyman DsBr)
 13215 | D:11     | Noticed a manticore
 13238 | D:11     | Killed a manticore
 13366 | D:11     | Noticed a two-headed ogre
 13379 | D:11     | Killed a two-headed ogre
 13513 | D:11     | Noticed a manticore
 13523 | D:11     | Reached skill level 12 in Polearms
 13523 | D:11     | Killed a manticore
 13525 | D:11     | Reached XP level 12. HP: 67/86 MP: 20/20
 13686 | D:11     | Noticed Fannar
 13696 | D:11     | Found Zyehored's Jewellery Boutique.
 13738 | D:11     | Killed a two-headed ogre
 13754 | D:11     | Noticed Josephine
 13791 | D:11     | Killed Josephine
 13792 | D:11     | Reached skill level 13 in Polearms
 14358 | Lair:1   | Entered Level 1 of the Lair of Beasts
 14358 | Lair:1   | Found a transporter.
 14535 | Lair:1   | Received a gift from Okawaru
 14769 | Lair:1   | Reached skill level 14 in Polearms
 14992 | Lair:1   | Noticed Nergalle
 15038 | Lair:1   | Killed Nergalle
 15038 | Lair:1   | Reached ****** piety under Okawaru
 15398 | Lair:1   | Found a transporter.
 15400 | Lair:1   | Noticed a fire crab
 15671 | Lair:2   | Reached skill level 15 in Polearms
 15842 | Lair:2   | Found a staircase to the Snake Pit.
 15883 | Lair:2   | Reached XP level 13. HP: 86/91 MP: 21/21
 15893 | Lair:2   | Received a gift from Okawaru
 15952 | Lair:2   | Noticed a six-headed hydra
 15962 | Lair:2   | Killed a six-headed hydra
 16119 | Lair:2   | Reached skill level 16 in Polearms
 16805 | Lair:2   | Found a runed translucent door.
 16805 | Lair:2   | Found the +5 demon whip "Spellbinder" {antimagic, disrupt,
                  | Will+}
 16952 | Lair:2   | Found a runed translucent gate.
 16952 | Lair:2   | Found a runed translucent gate.
 16952 | Lair:2   | Found a runed translucent gate.
 16952 | Lair:2   | Found a runed translucent gate.
 16958 | Lair:2   | Found a runed translucent gate.
 16960 | Lair:2   | Found a runed translucent gate.
 17715 | Lair:3   | Found a staircase to the Shoals.
 17778 | Lair:3   | You are sucked into a shaft and drop 2 floors!
 17778 | Lair:5   | Entered Level 5 of the Lair of Beasts
 17898 | Lair:5   | Received a gift from Okawaru
 17922 | Lair:5   | Noticed Sonja
 18176 | Lair:5   | Reached skill level 10 in Dodging
 18229 | Lair:5   | Reached XP level 14. HP: 75/98 MP: 22/22
 18376 | Lair:5   | Sonja changed into Sonja the frilled lizard
 18376 | Lair:5   | Noticed Sonja
 18385 | Lair:5   | Killed Sonja the frilled lizard
 18983 | Lair:5   | Noticed Rupert
 19000 | Lair:5   | Killed Rupert
 19000 | Lair:5   | Received a gift from Okawaru
 19000 | Lair:5   | Found the +4 skin of Zhor {*Englaciate rC+++ SInv}
 19522 | Lair:5   | Found a staircase to the Slime Pits.
 19522 | Lair:5   | Found a viscous altar of Jiyva.
 20421 | Lair:4   | Identified the +1 robe of Duck's Teeth {rF+}
 20573 | Lair:4   | Reached skill level 10 in Fighting
 21138 | Lair:3   | Identified the +3 chain mail "Keungoug" {Int-5 Dex+9
                  | Slay-4} (Okawaru gifted it to you on level 3 of the Lair of
                  | Beasts)
 21138 | Lair:3   | Received a gift from Okawaru
 21895 | D:7      | Killed Crazy Yiuf
 22175 | D:11     | Reached XP level 15. HP: 116/116 MP: 23/23
 22185 | D:11     | Killed Fannar
 22254 | D:11     | Killed superradish's ghost
 22444 | D:12     | Noticed Urug
 22458 | D:12     | Killed Urug
 22737 | D:12     | Noticed Jorgrun
 23214 | D:13     | Found a frozen archway.
 23292 | IceCv    | Entered an ice cave
 23679 | IceCv    | Reached skill level 10 in Armour
 23708 | IceCv    | Noticed a frost giant
 23736 | IceCv    | Killed a frost giant
 24224 | D:13     | Found a runed translucent gate.
 24224 | D:13     | Found a runed translucent gate.
 24224 | D:13     | Found a runed translucent gate.
 24228 | D:13     | Noticed Gadrel's ghost (journeyman OgCA)
 24228 | D:13     | Noticed SirLogeyBear's ghost (journeyman HOBe)
 24443 | D:13     | Received a gift from Okawaru
 24681 | D:13     | Reached skill level 17 in Polearms
 25147 | D:13     | Noticed an ironbound preserver
 25167 | D:13     | Killed an ironbound preserver
 25330 | D:13     | Found a gate to the Vaults.
 25740 | D:14     | Noticed Frances
 25771 | D:14     | Killed Frances
 25935 | D:14     | Received a gift from Okawaru
 26023 | D:14     | Reached skill level 1 in Shields
 26042 | D:14     | Reached XP level 16. HP: 101/123 MP: 24/24
 26353 | D:14     | Reached skill level 5 in Shields
 26623 | D:15     | Entered Level 15 of the Dungeon
 26852 | D:15     | Reached skill level 18 in Polearms
 27866 | D:15     | Received a gift from Okawaru
 28012 | D:15     | Found a staircase to the Depths.
 28238 | Orc:1    | Entered Level 1 of the Orcish Mines
 28331 | Orc:2    | Entered Level 2 of the Orcish Mines
 28547 | Orc:2    | Found a staircase to the Elven Halls.
 28694 | Orc:2    | Reached skill level 19 in Polearms
 28987 | Orc:2    | Found Diemom's Antique Weapon Boutique.
 28987 | Orc:2    | Found Moshulus's General Store.
 28988 | Orc:2    | Found Beiqimm's Distillery.
 28992 | Orc:2    | Found Yseg's Antique Armour Boutique.
 29513 | Orc:1    | Noticed Erolcha
 29520 | Orc:1    | Killed Erolcha
 30075 | Orc:2    | Bought an embroidered cloak for 195 gold pieces
 30153 | D:11     | Bought the ring "Temome Nyil" {Drain rPois rF+++ rC+ Int+3}
                  | for 1222 gold pieces
 30369 | Shoals:1 | Entered Level 1 of the Shoals
 31162 | Shoals:1 | Reached skill level 20 in Polearms
 31385 | Shoals:1 | Reached XP level 17. HP: 120/130 MP: 25/25
 31974 | Shoals:2 | Found a large runed translucent door.
 31975 | Shoals:2 | Found a large runed translucent door.
 31981 | Shoals:2 | Noticed cheesebisquit's ghost (adept TrFi)
 31991 | Shoals:2 | Noticed Ilsuiw
 32294 | Shoals:2 | Noticed Donald
 32354 | Shoals:2 | Killed Donald
 32884 | Shoals:2 | Killed Ilsuiw
 33313 | Shoals:2 | Received a gift from Okawaru
 33933 | Shoals:3 | Reached skill level 10 in Shields
 34874 | Shoals:4 | Entered Level 4 of the Shoals
 35022 | Shoals:4 | Received a gift from Okawaru
 35051 | Shoals:4 | Got a barnacled rune of Zot
 35429 | Shoals:4 | Noticed Polyphemus
 35455 | Shoals:4 | Killed Polyphemus
 35723 | Shoals:4 | Reached XP level 18. HP: 147/147 MP: 26/26
 36135 | Shoals:4 | Reached skill level 15 in Fighting
 36626 | Shoals:4 | Received a gift from Okawaru
 36636 | Shoals:4 | Reached skill level 10 in Invocations
 36881 | D:10     | Killed Wiggles's ghost
 37087 | D:13     | Killed Gadrel's ghost
 37108 | D:13     | Killed SirLogeyBear's ghost
 37396 | Snake:1  | Entered Level 1 of the Snake Pit
 37546 | Snake:1  | Identified the +2 scale mail of Okawaru's Respect {Will+
                  | Slay+4 Stlth+} (Okawaru gifted it to you on level 1 of the
                  | Snake Pit)
 37546 | Snake:1  | Received a gift from Okawaru
 39815 | Snake:3  | Reached XP level 19. HP: 147/155 MP: 27/27
 40157 | Snake:3  | Identified the +6 spear of Batzon {freeze, Will++} (Okawaru
                  | gifted it to you on level 3 of the Snake Pit)
 40157 | Snake:3  | Received a gift from Okawaru
 40651 | Snake:3  | Identified the +1 chain mail "Coch" {Fly rElec Dex+6
                  | Stlth-}
 41462 | Snake:4  | Entered Level 4 of the Snake Pit
 41615 | Snake:4  | Reached skill level 15 in Shields
 41773 | Snake:4  | Found a runed translucent door.
 41782 | Snake:4  | Noticed bronco's ghost (adept DsSu)
 41879 | Snake:4  | Noticed a tentacled monstrosity
 41883 | Snake:4  | Killed bronco's ghost
 41883 | Snake:4  | Identified the +10 bardiche of Dissatisfaction {holy,
                  | Contam Dex+2 SInv} (Okawaru gifted it to you on level 4 of
                  | the Snake Pit)
 41883 | Snake:4  | Received a gift from Okawaru
 42242 | Snake:4  | Found Zeavit's Magic Scroll Shoppe.
 42254 | Snake:4  | Found Eschiuphy's General Store.
 42255 | Snake:4  | Found Narph's Jewellery Shoppe.
 42258 | Snake:4  | Bought a scroll of fog for 64 gold pieces
 42477 | Snake:4  | Found Woibraj's General Store.
 42519 | Snake:4  | Bought a scroll of enchant armour for 75 gold pieces
 42729 | Snake:4  | Reached skill level 21 in Polearms
 42744 | Snake:4  | Received a gift from Okawaru
 43042 | Snake:4  | Reached XP level 20. HP: 120/162 MP: 21/28
 43402 | Snake:4  | Got a serpentine rune of Zot
 43674 | Shoals:2 | Killed cheesebisquit's ghost
 44009 | D:12     | Killed Jorgrun
 44122 | Elf:1    | Entered Level 1 of the Elven Halls
 44159 | Elf:1    | Received a gift from Okawaru
 44252 | Elf:1    | Reached skill level 22 in Polearms
 44504 | Elf:1    | Received a gift from Okawaru
 45066 | Elf:1    | Received a gift from Okawaru
 45576 | Elf:1    | Identified a scroll of acquirement
 45577 | Elf:1    | Acquired the +0 pair of gloves "Hiudwupe" {Drain rElec rF+
                  | Str+5}
 45712 | Elf:2    | Reached skill level 23 in Polearms
 45974 | Elf:2    | Found Murenog's Magic Scroll Emporium.
 45978 | Elf:2    | Bought a scroll of magic mapping for 120 gold pieces
 45978 | Elf:2    | Bought a scroll of enchant armour for 120 gold pieces
 46099 | Elf:2    | Found a huge runed translucent gate.
 46099 | Elf:2    | Found a huge runed translucent gate.
 46099 | Elf:2    | Found a huge runed translucent gate.
 46099 | Elf:2    | Found a huge runed translucent gate.
 46099 | Elf:2    | Found a huge runed translucent gate.
 46327 | Elf:2    | Identified the +6 scale mail of Aroxil {Str+4} (Okawaru
                  | gifted it to you on level 2 of the Elven Halls)
 46327 | Elf:2    | Received a gift from Okawaru
 46449 | Elf:2    | Reached XP level 21. HP: 140/168 MP: 29/29
 46889 | Elf:2    | Reached skill level 24 in Polearms
 47055 | Elf:3    | Entered Level 3 of the Elven Halls
 47954 | Abyss:2  | Cast into level 2 of the Abyss (a deep elf demonologist)
 48076 | Abyss:2  | Noticed a bone dragon
 48084 | Abyss:2  | Killed a bone dragon
 48255 | Abyss:2  | Found a corrupted altar of Lugonu.
 48268 | Abyss:2  | Found a corrupted altar of Lugonu.
 48344 | Abyss:3  | Noticed an ancient lich
 48347 | Abyss:3  | Gained mutation: You have hidden genetic defects. [a
                  | shining eye]
 48353 | Abyss:3  | Noticed a bone dragon
 48360 | Abyss:3  | Killed an ancient lich
 48360 | Abyss:3  | Identified the scarf "Jioh" {+Inv, rN+ Slay+2} (Okawaru
                  | gifted it to you on level 3 of the Abyss)
 48360 | Abyss:3  | Received a gift from Okawaru
 48370 | Abyss:3  | Gained mutation: You occasionally lose the ability to drink
                  | potions when taking damage. [a shining eye]
 48379 | Abyss:3  | Killed a bone dragon
 48385 | Abyss:3  | Lost mutation: You have hidden genetic defects. [potion of
                  | mutation]
 48385 | Abyss:3  | Lost mutation: You occasionally lose the ability to drink
                  | potions when taking damage. [potion of mutation]
 48385 | Abyss:3  | Gained mutation: You passively map a small area around you.
                  | [potion of mutation]
 48385 | Abyss:3  | Gained mutation: Your mind is acute. (Int +4, Str/Dex -1)
                  | [potion of mutation]
 48385 | Abyss:3  | Gained mutation: Potions are less effective at restoring
                  | your health. [potion of mutation]
 48385 | Abyss:3  | Gained mutation: You passively dampen the noise of your
                  | surroundings. [potion of mutation]
 48978 | Abyss:4  | Reached XP level 22. HP: 175/175 MP: 30/30
 49002 | Abyss:4  | Found a sacrificial altar of Ru.
 49177 | Abyss:4  | Gained mutation: You are partially covered in iridescent
                  | scales. (AC +2) [a neqoxec]
 49207 | Abyss:4  | Found a transporter.
 49243 | Abyss:4  | Identified the +1 pair of boots of Watchfulness {rF+ Int+3}
                  | (Okawaru gifted it to you on level 4 of the Abyss)
 49243 | Abyss:4  | Received a gift from Okawaru
 49283 | Abyss:4  | Found a transporter.
 49288 | Abyss:4  | Got an abyssal rune of Zot
 49521 | Abyss:4  | Found a transporter.
 49630 | Abyss:4  | Found a corrupted altar of Lugonu.
 49663 | Elf:3    | Escaped the Abyss
 49919 | Elf:3    | Identified the +2 robe of Pukymafikh {Rampage Int+3 Dex+2}
 49948 | Elf:3    | Identified the +7 mace "Qush" {flame, rPois Int+8 Dex-5}
 50468 | Elf:3    | Identified the +1 quarterstaff of Tauwent {pain, Fly rC++
                  | Int-4}
 50606 | Elf:3    | Identified the staff of death "Usiw" {Fragile rN+ Dex+5}
 50645 | Elf:3    | Reached skill level 15 in Armour
 50721 | Elf:3    | Found the +3 pair of seven-league boots {Rampage+∞}
 50722 | Elf:3    | Identified the staff of cold "Maasuar" {rC+ Str-4 Dex+6
                  | SInv}
 50805 | Elf:3    | Got the Secrets of Zombies
 51053 | Vaults:1 | Entered Level 1 of the Vaults
 51738 | Vaults:1 | Reached XP level 23. HP: 181/181 MP: 31/31
 51751 | Vaults:1 | Received a gift from Okawaru
 51850 | Vaults:1 | Found a portal to a secret trove of treasure.
 52064 | Vaults:1 | You are sucked into a shaft and drop 1 floor!
 52871 | Vaults:1 | Reached skill level 15 in Dodging
 52972 | Vaults:1 | Identified the +3 plate armour of Conscience {rF+ Str+6
                  | Dex+3} (Okawaru gifted it to you on level 1 of the Vaults)
 52972 | Vaults:1 | Received a gift from Okawaru
 53505 | Vaults:2 | Found Risoelec's Assorted Antiques.
 53516 | Vaults:2 | Bought a scroll labelled UMAYXE QIMUDAU for 33 gold pieces
 53809 | Vaults:2 | Noticed an ancient lich
 53821 | Vaults:2 | Killed an ancient lich
 54268 | Vaults:3 | Reached skill level 25 in Polearms
 54516 | Vaults:3 | Found a staircase to the Crypt.
 54621 | Vaults:3 | Noticed Xtahua
 54662 | Vaults:3 | Killed Xtahua
 55073 | Vaults:3 | Reached XP level 24. HP: 161/188 MP: 31/31
 55085 | Vaults:3 | Received a gift from Okawaru
 55176 | Vaults:3 | Identified the +4 hand axe of the Philosopher {freeze, rC+
                  | Str+3}
 55803 | Vaults:4 | Found Hoatef's Magic Scroll Shop.
 55811 | Vaults:4 | Bought a scroll of fog for 84 gold pieces
 55845 | Vaults:4 | Found Ifiser's Distillery.
 56050 | Vaults:4 | Bought a potion of resistance for 140 gold pieces
 56050 | Vaults:4 | Bought 2 potions of cancellation for 224 gold pieces
 56050 | Vaults:4 | Bought a potion of curing for 42 gold pieces
 56050 | Vaults:4 | Bought a potion of curing for 42 gold pieces
 56074 | Vaults:4 | Reached skill level 26 in Polearms
 56217 | Vaults:4 | Identified the +1 ring mail of Unambiguity {Str-3 Dex+6}
                  | (Okawaru gifted it to you on level 4 of the Vaults)
 56217 | Vaults:4 | Received a gift from Okawaru
 56501 | Vaults:4 | Found Rioxenih's Antique Weapon Emporium.
 56570 | Vaults:4 | Found Mapseij's Weapon Shoppe.
 57235 | Crypt:1  | Entered Level 1 of the Crypt
 57599 | Crypt:1  | Reached skill level 27 in Polearms
 58659 | Crypt:2  | Identified the +13 plate armour of the Wumpus {Dex+4}
                  | (Okawaru gifted it to you on level 2 of the Crypt)
 58659 | Crypt:2  | Received a gift from Okawaru
 59021 | Crypt:2  | Found the +6 Majin-Bo {spellvamp, MP+6 Int+6}
 59222 | Crypt:2  | Found an ancient bone altar of Kikubaaqudgha.
 59500 | Crypt:3  | Entered Level 3 of the Crypt
 59512 | Crypt:3  | Reached XP level 25. HP: 158/200 MP: 31/31
 60126 | Crypt:3  | Found a staircase to the Tomb.
 60228 | Crypt:3  | Noticed Mennas
 60272 | Crypt:3  | Killed Mennas
 60530 | Crypt:3  | Identified the +0 robe of the Shrike {rC+}
 60583 | Crypt:3  | Noticed Margery
 60594 | Crypt:3  | Killed Margery
 62234 | Crypt:3  | Got Ofoitane's Anthology of the Topological Deep Freeze
 62324 | Crypt:3  | Identified the +9 great sword of Valiance {distort, rElec
                  | rPois Int-2 Stlth+}
 62563 | Crypt:3  | Noticed a royal mummy
 62572 | Crypt:3  | Killed a royal mummy
 62597 | Crypt:3  | Identified the staff of air "Wuthucle" {*Slow rElec Dex+7}
 62941 | Depths:1 | Entered Level 1 of the Depths
 63102 | Orc:2    | Bought a potion of mutation for 120 gold pieces
 63102 | Orc:2    | Bought a potion of resistance for 150 gold pieces
 63102 | Orc:2    | Bought a potion of curing for 45 gold pieces
 63102 | Orc:2    | Bought 2 potions of flight for 90 gold pieces
 63102 | Orc:2    | Bought a potion of resistance for 150 gold pieces
 63102 | Orc:2    | Bought a potion of heal wounds for 75 gold pieces
 63102 | Orc:2    | Bought a potion of resistance for 150 gold pieces
 63102 | Orc:2    | Bought a potion of curing for 45 gold pieces
 63102 | Orc:2    | Bought a potion of curing for 45 gold pieces
 63313 | Depths:1 | Found a shimmering altar of Xom.
 63525 | Depths:1 | Found a gateway to Hell.
 63607 | Depths:1 | Identified the +0 scale mail "Zixkiut" {rF+ Dex+2} (Okawaru
                  | gifted it to you on level 1 of the Depths)
 63607 | Depths:1 | Received a gift from Okawaru
 63791 | Depths:1 | Found a one-way gate leading to the halls of Pandemonium.
 63803 | Depths:1 | Gained mutation: You occasionally shout uncontrollably at
                  | your foes. [a neqoxec]
 63909 | Depths:1 | Found a glowing golden altar of the Shining One.
 63916 | Depths:1 | Found a burning altar of Makhleb.
 64077 | Depths:2 | Found Fikaif's Armour Shop.
 64121 | Depths:2 | Found a magical portal.
 64144 | WizLab   | Entered Maxwell's Workshop
 64572 | WizLab   | Found the +8 storm bow {elec, penet}
 64765 | WizLab   | Found the +2 Maxwell's thermic engine {flame, freeze, rev}
 64799 | WizLab   | Identified the +7 sling "Mecoupaggi" {speed, rElec rF-
                  | Will++}
 65162 | Depths:2 | Reached XP level 26. HP: 222/222 MP: 30/31
 65507 | Depths:2 | Received a gift from Okawaru
 65705 | Depths:2 | Received a gift from Okawaru
 66000 | Depths:2 | Found a one-way gateway to a ziggurat.
 66734 | Depths:2 | Found a one-way gate to the infinite horrors of the Abyss.
 66922 | Depths:3 | Found a corrupted altar of Lugonu.
 67660 | Depths:3 | Identified the +0 robe of Vlad {-Cast Dex+4} (Okawaru
                  | gifted it to you on level 3 of the Depths)
 67660 | Depths:3 | Received a gift from Okawaru
 67863 | Depths:3 | Identified the ring of Ceph {rPois rC- Will+ Dex+3 Stlth+}
 68387 | Depths:3 | Reached XP level 27. HP: 191/233 MP: 31/31
 68655 | Depths:4 | Entered Level 4 of the Depths
 68975 | Depths:4 | Noticed a juggernaut
 68990 | Depths:4 | Killed a juggernaut
 69093 | Depths:4 | Found an iron altar of Okawaru.
 69271 | Depths:4 | Found a hazy altar of Hepliaklqana.
 69531 | Depths:4 | Found a gate to the Realm of Zot.
 69681 | Depths:4 | Identified the +0 chain mail "Egoca" {rCorr Int+3}
 69973 | Zot:1    | Entered Level 1 of the Realm of Zot
 69976 | Zot:1    | Received a gift from Okawaru
 70179 | Zot:1    | Found a runed translucent door.
 70180 | Zot:1    | Noticed suzumiya's ghost (legendary HuHu)
 70196 | Zot:1    | Killed suzumiya's ghost
 70587 | Zot:1    | Noticed a Killer Klown
 70601 | Zot:1    | Killed a Killer Klown
 70678 | Zot:1    | Noticed a Killer Klown
 70688 | Zot:1    | Killed a Killer Klown
 70781 | Zot:1    | Received a gift from Okawaru
 71461 | Zot:2    | Noticed an orb of fire
 71466 | Zot:2    | Gained mutation: Your spells are a little easier to cast,
                  | but a little less powerful. [an orb of fire]
 71469 | Zot:2    | Gained mutation: You occasionally lose the ability to read
                  | scrolls when taking damage. [an orb of fire]
 71475 | Zot:2    | Killed an orb of fire
 74052 | Zot:4    | Received a gift from Okawaru
 74788 | Zot:5    | Entered Level 5 of the Realm of Zot
 74842 | Zot:5    | Noticed an orb of fire
 74855 | Zot:5    | Killed an orb of fire
 75360 | Zot:5    | Noticed an orb of fire
 75367 | Zot:5    | Gained mutation: You sometimes lose the ability to read
                  | scrolls when taking damage. [an orb of fire]
 75372 | Zot:5    | Gained mutation: Your magical capacity is low. (-10% MP)
                  | [an orb of fire]
 75383 | Zot:5    | Killed an orb of fire
 75569 | Zot:5    | Noticed a dread lich
 75581 | Zot:5    | Killed a dread lich
 75581 | Zot:5    | Identified the +6 great sword "Murgh" {heavy, rF- rN+ SInv}
                  | (Okawaru gifted it to you on level 5 of the Realm of Zot)
 75581 | Zot:5    | Received a gift from Okawaru
 75596 | Zot:5    | Noticed an orb of fire
 75604 | Zot:5    | Gained mutation: You do not regenerate when monsters are
                  | visible. [an orb of fire]
 75614 | Zot:5    | Noticed an orb of fire
 75615 | Zot:5    | Killed an orb of fire
 75617 | Zot:5    | Noticed a Killer Klown
 75617 | Zot:5    | Noticed an orb of fire
 75618 | Zot:5    | Gained mutation: Your body sometimes deteriorates upon
                  | taking damage. [an orb of fire]
 75629 | Zot:5    | Killed an orb of fire
 75634 | Zot:5    | Noticed a Killer Klown
 75635 | Zot:5    | a Killer Klown changed into a rockslime
 75659 | Zot:5    | Killed a Killer Klown
 75676 | Zot:5    | Noticed an orb of fire
 75687 | Zot:5    | Gained mutation: You are frail. (-10% HP) [an orb of fire]
 75689 | Zot:5    | Gained mutation: You are weak. (Str -2) [an orb of fire]
 75690 | Zot:5    | Gained mutation: Your body often deteriorates upon taking
                  | damage. [an orb of fire]
 75691 | Zot:5    | Gained mutation: Your magical capacity is very low. (-20%
                  | MP) [an orb of fire]
 75692 | Zot:5    | Killed an orb of fire
 75729 | Zot:5    | Lost mutation: Your body often deteriorates upon taking
                  | damage. [potion of mutation]
 75729 | Zot:5    | Lost mutation: Your mind is acute. (Int +4, Str/Dex -1)
                  | [potion of mutation]
 75729 | Zot:5    | Lost mutation: You sometimes lose the ability to read
                  | scrolls when taking damage. [potion of mutation]
 75730 | Zot:5    | Lost mutation: You occasionally shout uncontrollably at
                  | your foes. [potion of mutation]
 75730 | Zot:5    | Lost mutation: Your spells are a little easier to cast, but
                  | a little less powerful. [potion of mutation]
 75730 | Zot:5    | Lost mutation: You are frail. (-10% HP) [potion of
                  | mutation]
 75730 | Zot:5    | Gained mutation: You are partially covered in large bone
                  | plates. (SH +4) [potion of mutation]
 75730 | Zot:5    | Gained mutation: Your skin changes colour to match your
                  | surroundings (Stealth+). [potion of mutation]
 75731 | Zot:5    | Lost mutation: You passively dampen the noise of your
                  | surroundings. [potion of mutation]
 75731 | Zot:5    | Lost mutation: Your body sometimes deteriorates upon taking
                  | damage. [potion of mutation]
 75731 | Zot:5    | Lost mutation: You passively map a small area around you.
                  | [potion of mutation]
 75731 | Zot:5    | Lost mutation: You are partially covered in iridescent
                  | scales. (AC +2) [potion of mutation]
 75731 | Zot:5    | Gained mutation: Your spells are a little harder to cast,
                  | but a little more powerful. [potion of mutation]
 75732 | Zot:5    | Lost mutation: Potions are less effective at restoring your
                  | health. [potion of mutation]
 75732 | Zot:5    | Lost mutation: You are partially covered in large bone
                  | plates. (SH +4) [potion of mutation]
 75732 | Zot:5    | Gained mutation: You occasionally lose the ability to drink
                  | potions when taking damage. [potion of mutation]
 75732 | Zot:5    | Gained mutation: You are strong-willed. (Will+) [potion of
                  | mutation]
 75774 | Zot:5    | Noticed an orb of fire
 75781 | Zot:5    | Gained mutation: Your mind is acute. (Int +4, Str/Dex -1)
                  | [an orb of fire]
 75783 | Zot:5    | Killed an orb of fire
 76208 | Zot:5    | Received a gift from Okawaru
 76270 | Zot:5    | Noticed an orb of fire
 76278 | Zot:5    | Noticed an orb of fire
 76279 | Zot:5    | Gained mutation: You occasionally shout uncontrollably at
                  | your foes. [an orb of fire]
 76287 | Zot:5    | Noticed a Killer Klown
 76291 | Zot:5    | Killed an orb of fire
 76305 | Zot:5    | Gained mutation: You are very weak. (Str -4) [an orb of
                  | fire]
 76309 | Zot:5    | Gained mutation: You are frail. (-10% HP) [an orb of fire]
 76310 | Zot:5    | Killed an orb of fire
 76321 | Zot:5    | Noticed a Killer Klown
 76340 | Zot:5    | Noticed an orb of fire
 76341 | Zot:5    | Noticed an orb of fire
 76345 | Zot:5    | Gained mutation: You are very frail. (-20% HP) [an orb of
                  | fire]
 76347 | Arena    | Entered the Arena
 76393 | Zot:5    | Killed an orb of fire
 76397 | Zot:5    | Killed an orb of fire
 76416 | Zot:5    | Killed a Killer Klown
 76420 | Zot:5    | Killed a Killer Klown
 76477 | Zot:5    | Killed an orb of fire
 76697 | Zot:5    | Lost mutation: You occasionally shout uncontrollably at
                  | your foes. [potion of mutation]
 76697 | Zot:5    | Lost mutation: Your mind is acute. (Int +4, Str/Dex -1)
                  | [potion of mutation]
 76698 | Zot:5    | Lost mutation: You are strong-willed. (Will+) [potion of
                  | mutation]
 76698 | Zot:5    | Lost mutation: You occasionally lose the ability to drink
                  | potions when taking damage. [potion of mutation]
 76698 | Zot:5    | Gained mutation: Your flesh is heat resistant. (rF+)
                  | [potion of mutation]
 76699 | Zot:5    | Lost mutation: You occasionally lose the ability to read
                  | scrolls when taking damage. [potion of mutation]
 76699 | Zot:5    | Lost mutation: Your magical capacity is very low. (-20% MP)
                  | [potion of mutation]
 76699 | Zot:5    | Lost mutation: Your skin changes colour to match your
                  | surroundings (Stealth+). [potion of mutation]
 76699 | Zot:5    | Gained mutation: Your flesh is very heat resistant. (rF++)
                  | [potion of mutation]
 76699 | Zot:5    | Gained mutation: You possess an exceptional clarity of
                  | mind. [potion of mutation]
 76729 | Zot:5    | Lost mutation: Your spells are a little harder to cast, but
                  | a little more powerful. [potion of mutation]
 76729 | Zot:5    | Lost mutation: You are very weak. (Str -4) [potion of
                  | mutation]
 76729 | Zot:5    | Lost mutation: Your flesh is very heat resistant. (rF++)
                  | [potion of mutation]
 76729 | Zot:5    | Gained mutation: You are clumsy. (Dex -2) [potion of
                  | mutation]
 76729 | Zot:5    | Gained mutation: You are somewhat resistant to further
                  | mutation. [potion of mutation]
 76729 | Zot:5    | Gained mutation: Your mind is acute. (Int +4, Str/Dex -1)
                  | [potion of mutation]
 76730 | Zot:5    | Lost mutation: Your mind is acute. (Int +4, Str/Dex -1)
                  | [potion of mutation]
 76730 | Zot:5    | Lost mutation: You are somewhat resistant to further
                  | mutation. [potion of mutation]
 76730 | Zot:5    | Lost mutation: You do not regenerate when monsters are
                  | visible. [potion of mutation]
 76730 | Zot:5    | Gained mutation: You are strong-willed. (Will+) [potion of
                  | mutation]
 76730 | Zot:5    | Gained mutation: You occasionally lose the ability to read
                  | scrolls when taking damage. [potion of mutation]
 76730 | Zot:5    | Gained mutation: You are partially covered in iridescent
                  | scales. (AC +2) [potion of mutation]
 76731 | Zot:5    | Lost mutation: Your flesh is heat resistant. (rF+) [potion
                  | of mutation]
 76731 | Zot:5    | Lost mutation: You are partially covered in iridescent
                  | scales. (AC +2) [potion of mutation]
 76731 | Zot:5    | Lost mutation: You occasionally lose the ability to read
                  | scrolls when taking damage. [potion of mutation]
 76731 | Zot:5    | Gained mutation: You are resistant to electric shocks.
                  | (rElec) [potion of mutation]
 76732 | Zot:5    | Lost mutation: You are very frail. (-20% HP) [potion of
                  | mutation]
 76732 | Zot:5    | Lost mutation: Your magical capacity is low. (-10% MP)
                  | [potion of mutation]
 76889 | Zot:5    | Got the Orb of Zot
 77554 | D:$      | Escaped with the Orb!

Illustrated notes

Levels and vault maps discovered:
D:1:      dpeg_arrival_rooms_a, layout_basic, serial_shops, nicolae_shop_crystal
D:2:      layout_loops_corners, serial_shops, shop, basic_altar,
          chequers_serial_rivers_micro_d, minmay_joined_circles
D:3:      layout_loops_corners, hellmonk_ecumenical_altar_prayer_group,
          minmay_pentangle
D:4:      layout_loops_cross, trog_hazing_becter, kennysheep_little_box,
          serial_shops, shop
D:5:      layout_cave_pools, mainiacjoe_overflow_alcove_3,
          ebering_ghost_rock_garden
D:6:      layout_cave_pools, gammafunk_temple_overflow_pools,
          minmay_temple_entry_drinking_statues
D:7:      layout_loops_ring, enter_bailey_3, uniq_crazy_yiuf_cottage,
          uniq_joseph, uniq_duvessa
D:8:      layout_basic
D:9:      layout_long_grid, lemuel_round_altar, lemuel_tele_altar,
          lair_entry_dummy, minmay_librarian, uniq_grum
D:10:     layout_loops_ring, gammafunk_ghost_split, uniq_erica
D:11:     layout_irregular_city, david_orc_5, serial_shops, shop,
          ebering_ghost_disaster_area, kennysheep_small_square, uniq_josephine,
          uniq_fannar
D:12:     layout_cave_pods, uniq_urug, uniq_jorgrun
D:13:     layout_long_grid, skrybe_vaults_entry_preservation,
          portal_ice_cave_entry_imps, gammafunk_ghost_cemetery, roderic_batcave
D:14:     layout_rooms, nicolae_titane, serial_park_tiny_1, minmay_misc_feat_x,
          minmay_beelzebubs_servants, uniq_frances
D:15:     grunt_enter_depths_magical_seal, layout_loops_ring,
          grunt_decor_fettered
Temple:   nicolae_temple_x_marks_the_god
Lair:1:   gammafunk_cloud_chamber, layout_regular_city, serial_bayou_lake_a,
          uniq_nergalle
Lair:2:   gammafunk_indiana_jones, layout_long_grid,
          minmay_snake_entry_six_corridors
Lair:3:   layout_regular_city, minmay_shoals_entry_hut
Lair:4:   layout_long_grid, minivault_25, dreamdust_gnoll_shepherd,
          grunt_megastairs_1
Lair:5:   gammafunk_lair_ancient_temple, layout_gridlike,
          nicolae_slime_entry_slimehenge, serial_bayou, serial_bayou_lagoon_a,
          serial_bayou_shore_a, serial_bayou_shore_b, serial_bayou_shore_b,
          serial_bayou_ford_a, serial_bayou_pond_d, uniq_sonja, uniq_rupert
Shoals:1: layout_shoals
Shoals:2: layout_shoals, ebering_ghost_disaster_area, uniq_ilsuiw, uniq_donald
Shoals:3: layout_shoals
Shoals:4: shoals_end_hangedman, layout_shoals,
          nicolae_shoals_stone_sculpture_thing, overgrown_hall, uniq_polyphemus
Snake:1:  layout_rooms
Snake:2:  layout_rooms
Snake:3:  layout_layer_cave, grunt_megastairs_2
Snake:4:  grunt_snake_rune_pools, layout_cave_shapes, serial_shops,
          nicolae_shop_tiny_statue_garden, ebering_ghost_inner_flame, drop_trap,
          minmay_shop_star
Orc:1:    layout_diamond_mine, basic_altar, minmay_orc_keep, uniq_erolcha
Orc:2:    st_orc_mages, layout_caves, minmay_orc_temple_a
Elf:1:    eino_elf_arrival_the_gate, layout_onion_city,
          hangedman_elven_crosses_minicolossus
Elf:2:    elven_hall_of_blades_hangedman_alternative [nicolae_blade_bullseye],
          layout_gridlike, serial_shops, nicolae_shop_behind_doors
Elf:3:    elf_hall, layout_gridlike
Vaults:1: nicolae_vaults_door_testing_chamber, nicolae_vaults_diamond_1,
          nicolae_vaults_diamond_2, nicolae_vaults_inception_corners,
          ontoclasm_vaults_tryst, st_cells, nicolae_vaults_disjoint_gnomons,
          v_pattern_4, nicolae_vaults_sesquioval_fish, vaults_room_large_hall,
          nicolae_vaults_layer_cake_slice, v_misc_1, nicolae_vaults_tangram_2,
          nicolae_vaults_double_plus_1, vaults_room_pools,
          ontoclasm_vaults_gateway, layout_vaults_maze,
          nicolae_trove_entry_free_sample
Vaults:2: nicolae_vaults_tetromino_T_2, hangedman_vaults_locks,
          nicolae_vaults_little_squares_3, v_alt_pattern_6,
          nicolae_vaults_prndl, vaults_room_door_hall,
          nicolae_vaults_lightning_bolt, hangedman_vaults_impose,
          nicolae_vaults_you_can_take_it_with_you, nicolae_vaults_asterisk,
          grunt_vaults_twisty, vaults_dpeg_ring, layout_vaults_ring,
          serial_shops, nicolae_shop_statue_plus
Vaults:3: nicolae_vaults_trapezoid_1, nicolae_vaults_more_shelving_1,
          nicolae_vaults_apartment_1, minmay_crypt_entry_vampire_xt,
          grunt_vaults_bifocal, nicolae_vaults_six-pack,
          nicolae_vaults_double_plus_1, nicolae_vaults_house_1,
          ontoclasm_vaults_spin, layout_vaults_quadrants, uniq_xtahua
Vaults:4: nicolae_vaults_offset_grid_hallway_1, vaults_room_door_ring,
          v_pattern_2, nicolae_vaults_tetromino_Z_1, nicolae_vaults_theta,
          st_smaller_cells, nicolae_vaults_six-pack, hangedman_vaults_corner,
          nicolae_vaults_little_squares_5, layout_vaults_big_room, serial_shops,
          shop, nicolae_shop_tiny_real_fake_doors, nicolae_shop_hallway_stairs,
          nicolae_shop_bloodbath_and_beyond
Crypt:1:  layout_gridlike, library_closet, grunt_ministairs_11,
          grunt_megastairs_5, grunt_crypt_arrival_split
Crypt:2:  minmay_guarded_unrand_majin_bo, layout_gridlike,
          lemuel_mausoleum_altar_kikubaaqudgha
Crypt:3:  due_elkab, layout_chaotic_city, tomb_entry_forgotten_bobbens,
          uniq_mennas, uniq_margery
Depths:1: layout_gridlike, pf_coc_iceberg, lemuel_doored_altar,
          grunt_pan_entry_in_and_out, nzn_life_drinkers
Depths:2: grunt_deathspiral_large, layout_honeycomb, enter_ziggurat_c,
          serial_sigils, serial_sigils_hangedman_clutch,
          serial_sigils_hangedman_leer, serial_sigils_hangedman_gnaw,
          serial_sigils_hangedman_gut, serial_sigils_hangedman_shear, pan_entry,
          abyss_entry_crystal, serial_shops, nicolae_stop_n_shop_1, hell_entry,
          lightli_enter_wizlab_magi_temple
Depths:3: evilmike_diamond_2, layout_honeycomb, nrook_pool_corridor, hell_entry,
          rand_demon_pan_entry_3, abyss_entry_flame_altar,
          hellmonk_bongcloud_opening
Depths:4: evilmike_zot_entry_argh, layout_cave_shapes, okawaru_trees_1,
          lightli_too_deep, nicolae_hepliaklqana_hippocampus
Zot:1:    hangedman_zot_vaults_quadrants, layout_onion_interference,
          gammafunk_ghost_grave
Zot:2:    kennysheep_room_grid, layout_cellular_growth
Zot:3:    layout_onion_interference, uniq_josephina
Zot:4:    layout_gridlike
Zot:5:    layout_basic

Skill      XL: |  1  2  3  4  5  6  7  8  9 10 11 12 13 14 15 16 17 18 19 20 21 22 23 24 25 26 27 |
---------------+----------------------------------------------------------------------------------+-----
Conjurations   | 1 2 3 4 |  4.0
Fighting       | 1 2 5 10 14 15 16 21 22 | 22.5
Air Magic      | 3 4 |  4.0
Evocations     | 3 4 |  4.7
Spellcasting   | 4 5 |  5.7
Polearms       | 4 8 10 12 15 16 17 20 21 23 24 25 27 | 27.0
Invocations    | 5 9 10 | 10.0
Armour         | 3 5 6 10 11 15 21 | 21.0
Dodging        | 5 10 12 13 15 17 21 | 21.4
Shields        | 2 5 10 12 15 20 | 20.0
Stealth        | |  2.4

Action                     |  1- 3 |  4- 6 |  7- 9 | 10-12 | 13-15 | 16-18 | 19-21 | 22-24 | 25-27 || total
---------------------------+-------+-------+-------+-------+-------+-------+-------+-------+-------++-------
  Melee: Falchion          |     6 |       |       |       |       |       |       |       |       ||     6
         Dagger            |    10 |     2 |       |       |       |       |       |       |       ||    12
         Staff             |       |    14 |    21 |       |       |       |       |       |       ||    35
         Halberd           |       |       |    47 |   579 |   994 |       |       |       |       ||  1620
         Punch             |       |       |       |     7 |    28 |       |       |       |       ||    35
         Demon trident     |       |       |       |       |    13 |     7 |       |       |       ||    20
         Glaive            |       |       |       |       |   245 |  1798 |   331 |       |       ||  2374
         Bardiche          |       |       |       |       |       |       |  1054 |  1620 |  2274 ||  4948
  Throw: Throwing net      |       |       |       |     1 |     1 |       |       |       |       ||     2
   Cast: Shock             |    60 |   174 |   129 |    13 |    14 |    10 |       |       |       ||   400
         Static Discharge  |       |       |    31 |       |       |       |       |       |       ||    31
 Invoke: Heroism           |       |       |       |       |     2 |     3 |     5 |     5 |    14 ||    29
         Finesse           |       |       |       |       |     1 |     2 |     2 |     1 |     5 ||    11
         Duel              |       |       |       |       |       |       |       |       |     1 ||     1
Ability: Dig               |       |       |       |     1 |     1 |     3 |     2 |       |     4 ||    11
  Evoke: Wand              |       |     3 |    13 |     7 |     8 |     2 |       |     3 |     4 ||    40
    Use: Scroll            |       |    11 |     7 |     7 |     2 |     1 |     4 |     8 |     8 ||    48
         Potion            |       |       |     3 |     2 |     3 |     1 |     5 |     5 |    30 ||    49
   Stab: Sleeping          |       |       |    15 |    14 |    14 |    20 |    13 |     2 |       ||    78
         Invisible         |       |       |     1 |       |       |     5 |       |       |     5 ||    11
         Distracted        |       |       |       |     3 |     2 |     7 |     9 |     1 |     1 ||    23
         Held in net/web   |       |       |       |       |     2 |       |       |       |       ||     2
         Petrifying        |       |       |       |       |       |     2 |       |       |       ||     2
 Armour: Robe              |     8 |    15 |    15 |     5 |       |       |       |       |       ||    43
         Skin              |       |       |     6 |     6 |       |       |       |       |       ||    12
         Leather armour    |       |       |       |   121 |    81 |       |       |       |       ||   202
         Animal skin       |       |       |       |       |   118 |   172 |    81 |    26 |       ||   397
         Plate armour      |       |       |       |       |       |       |       |   246 |   320 ||   566
  Dodge: Dodged            |    22 |    41 |    53 |   248 |   540 |   544 |   301 |   374 |   501 ||  2624
  Block: Other             |       |       |       |    95 |   141 |       |       |       |       ||   236
         Reflection        |       |       |       |     4 |     3 |    93 |   124 |    89 |    46 ||   359
         Buckler           |       |       |       |       |       |   210 |       |       |       ||   210
         Kite shield       |       |       |       |       |       |   381 |       |       |       ||   381
         Tower shield      |       |       |       |       |       |   104 |   914 |  1244 |  1731 ||  3993
